 Dungeon Crawl Stone Soup version 0.31-a0-233-g139696dc86 (webtiles) character file.

Game seed: 5559804574040600124

980 qw the Skirmisher (level 8, -2/49 HPs)
             Began as a Gargoyle Hexslinger on July 9, 2023.
             Slain by an orc warrior
             ... wielding a +0 glaive
              (3 damage)
             ... on level 5 of the Dungeon.
             The game lasted 00:01:41 (3790 turns).

qw the Skirmisher (Gargoyle Hexslinger)             Turns: 3790, Time: 00:01:42

Health: -2/49      AC: 14    Str: 11    XL:     8   Next: 17%
Magic:  9/9        EV: 10    Int: 15    God:
Gold:   79         SH:  0    Dex: 14    Spells: 8/9 levels left

rFire   . . .        Y - +3 sling
rCold   . . .        (no shield)
rNeg    + . .        e - +1 ring mail {rPois}
rPois   inf          b - +3 hat of Filth {rCorr}
rElec   +            (no cloak)
rCorr   +            (no gloves)
SInv    .            (no boots)
Will    .....        (no amulet)
Stlth   +            (no ring)
HPRegen 0.28/turn    (no ring)
MPRegen 0.11/turn

%: no passive effects
@: about to teleport
A: sickness immunity, AC +5, negative energy resistance 1, electricity
resistance, torment resistance 1, petrification resistance
a: no special abilities


You were on level 5 of the Dungeon.
You visited 2 branches of the dungeon, and saw 6 of its levels.
You also visited: Sewer.

You collected 176 gold pieces.
You spent 97 gold pieces at shops.


Innate Abilities, Weirdness & Mutations

You are immune to sickness and miasma.
Your stone body is resilient. (AC +5)
You are immune to poison.
You resist negative energy. (rN+)
You are resistant to electric shocks. (rElec)
You are resistant to unholy torment.
You are immune to petrification.


   Skills:
 - Level 5.0 Fighting
 + Level 8.0 Ranged Weapons
 - Level 1.3 Armour
 - Level 1.5 Dodging
 - Level 1.0 Spellcasting
 - Level 2.6 Hexes


You had 8 spell levels left.
You knew the following spells:

 Your Spells              Type           Power      Damage    Failure   Level
a - Slow                  Hex            32%        N/A       19%         1

Your spell library contained the following spells:

 Spells                   Type           Power      Damage    Failure   Level
 Inner Flame              Hex/Fire       4%         N/A       69%         3
 Portal Projectile        Hex/Tloc       8%         N/A       69%         3
 Cause Fear               Hex            4%         N/A       88%         4

Inventory:

Hand Weapons
 Y - a +3 sling (weapon)
Armour
 b - the +3 hat of Filth (worn) {rCorr}
   (You acquired it on level 2 of the Dungeon)

   rCorr:     It protects you from acid and corrosion.
 e - a +1 ring mail of poison resistance (worn)
Scrolls
 a - a scroll of identify
 g - 2 scrolls of teleportation
Potions
 c - a potion of enlightenment
 f - 3 potions of heal wounds
 h - a potion of brilliance {unknown}
 j - 2 potions of curing
 k - a potion of haste
 l - a potion of attraction {unknown}

Dungeon Overview and Level Annotations

Branches:
Dungeon (5/15)             Temple (1/1) D:4           Sewer (visited)

Altars:
Ashenzari
Dithmenos
Elyvilon
Gozag
Hepliaklqana
Makhleb
Nemelex Xobeh
Ru
Sif Muna
Trog
Uskayaw
Wu Jian
Xom
Yredelemnul
Zin

Shops:
D:2 *!   D:3 [   D:4 *


Message History

The orc wizard hits you but does no damage.
The orc wizard casts a spell at you. You resist with some effort.
The orc warrior hits you but does no damage.
You shoot a sling bullet. The sling bullet hits the orc wizard.
You kill the orc wizard!
The orc warrior hits you from afar with a +0 glaive.
The orc closely misses you.
Your Fighting skill increases to level 5!
You shoot a sling bullet. The sling bullet hits the orc.
The orc is heavily wounded.
The orc warrior completely misses you. The orc hits you with a +0 short sword.
You shoot a sling bullet. The sling bullet hits the orc.
The orc is almost dead.
The orc warrior closely misses you. The orc hits you but does no damage.
You shoot a sling bullet. The sling bullet hits the orc!
You kill the orc!
The orc warrior closely misses you.
You shoot a sling bullet.
The sling bullet hits the orc warrior but does no damage.
The orc warrior is heavily wounded.
The orc warrior hits you from afar with a +0 glaive!
You shoot a sling bullet.
The sling bullet hits the orc warrior but does no damage.
The orc warrior is heavily wounded.
The orc warrior barely misses you.
You shoot a sling bullet.
The sling bullet barely misses the orc warrior.
The orc warrior completely misses you. The orc warrior barely misses you.
You shoot a sling bullet.
The sling bullet closely misses the orc warrior.
The orc warrior hits you from afar with a +0 glaive!
You shoot a sling bullet. The sling bullet hits the orc warrior.
The orc warrior is heavily wounded.
The orc warrior hits you from afar with a +0 glaive!
3790 ||| READING 3 scrolls of teleportation.
As you read the scroll of teleportation, it crumbles to dust.
You feel strangely unstable.
The orc warrior hits you from afar with a +0 glaive.
You die...

#....(..)..
#..........
#........?
....?... ....)#
## # ....#
.#..#.###)..##
......#..@.o.#.#
.........).))....
#...#..<###.#....
.. #....# .# #..
#....# . . #.....
#. ....... ##
.#.......
..##..#....


You could see an orc warrior.

Vanquished Creatures
  Menkaure (D:4)
  4 scorpions (D:4)
  A vampire bat (D:3)
  A howler monkey (D:4)
  4 hounds (D:4)
  A jelly (D:5)
  An iguana (D:4)
  4 orc wizards (D:5)
  9 adders
  A gnoll (D:4)
  A river rat (D:3)
  A worm (D:3)
  3 dart slugs
  3 fire bats (D:3)
  5 orcs
  2 spectral bats (D:3)
  10 ball pythons
  12 bats
  3 bat skeletons (D:3)
  A bat zombie (D:3)
  2 endoplasms (D:2)
  4 giant cockroaches
  7 goblins
  8 hobgoblins
  A kobold (D:4)
  3 quokkas
  A bat simulacrum (D:3)
  6 frilled lizards
  7 rats
107 creatures vanquished.

Notes
Turn   | Place    | Note
-------+----------+-------------------------------------------
     0 | D:1      | qw the Gargoyle Hexslinger began the quest for the Orb.
     0 | D:1      | Reached XP level 1. HP: 12/12 MP: 2/2
     0 | D:1      | 0 ||| qw: Version: 0.3-a-51-g015441d
     0 | D:1      | 0 ||| qw: Game counter: 3852
     0 | D:1      | 0 ||| qw: Melee chars always use a shield: true
     0 | D:1      | 0 ||| qw: God list: Okawaru
     0 | D:1      | 0 ||| qw: Allow faded altars: false
     0 | D:1      | 0 ||| qw: Do Orc after clearing Dungeon:15 true
     0 | D:1      | 0 ||| qw: Do second Lair branch before Depths: true
     0 | D:1      | 0 ||| qw: Lair rune preference: random
     0 | D:1      | 0 ||| qw: Goals: Normal
     0 | D:1      | 0 ||| PLANNING D:1-11
   463 | D:1      | Reached XP level 2. HP: 16/16 MP: 3/3
   816 | D:1      | 816 ||| READING 2 scrolls labelled REF IDOETZEGEO.
   817 | D:1      | 817 ||| READING scroll of enchant weapon.
   817 | D:1      | 817 ||| ENCHANTING +2 sling.
   818 | D:1      | 818 ||| READING scroll labelled SAXTAO WOLU.
   819 | D:1      | 819 ||| DRINKING 2 sedimented red potions.
   820 | D:1      | 820 ||| DROPPING scroll of poison.
   871 | D:2      | Reached skill level 3 in Ranged Weapons
   982 | D:2      | Reached XP level 3. HP: 19/21 MP: 4/4
  1355 | D:2      | Found Xoxol's General Store.
  1358 | D:2      | 1358 ||| SHOPLISTING +0 robe of Responsibility {-Tele Int+3
                  | Slay+3} (215 gold, have 70).
  1358 | D:2      | 1358 ||| BUYING scroll of identify (22 gold).
  1358 | D:2      | Bought a scroll of identify for 22 gold pieces
  1367 | D:2      | Found Gidedoc's Distillery.
  1393 | D:2      | 1393 ||| SHOPLISTING 2 potions of curing (78 gold, have
                  | 48).
  1393 | D:2      | 1393 ||| BUYING potion of curing (39 gold).
  1393 | D:2      | Bought a potion of curing for 39 gold pieces
  1393 | D:2      | 1393 ||| SHOPLISTING potion of curing (39 gold, have 9).
  1393 | D:2      | 1393 ||| SHOPLISTING potion of enlightenment (65 gold, have
                  | 9).
  1393 | D:2      | 1393 ||| SHOPLISTING potion of heal wounds (65 gold, have
                  | 9).
  1423 | D:2      | 1423 ||| UPGRADING to +0 leather armour.
  1433 | D:2      | 1433 ||| DROPPING +0 robe.
  1434 | D:2      | 1434 ||| UPGRADING to +0 ring mail.
  1444 | D:2      | 1444 ||| DROPPING +0 leather armour.
  1445 | D:2      | 1445 ||| READING scroll labelled WUYGIL EZOEXYI.
  1445 | D:2      | Identified a scroll of acquirement
  1445 | D:2      | 1445 ||| ACQUIRING +3 hat of Filth {rCorr}
  1445 | D:2      | Acquired the +3 hat of Filth {rCorr}
  1447 | D:2      | 1447 ||| UPGRADING to +3 hat of Filth {rCorr}.
  1452 | D:2      | 1452 ||| READING scroll labelled IBRAEN ZUSUAM.
  1453 | D:2      | 1453 ||| READING 2 scrolls of identify.
  1453 | D:2      | 1453 ||| IDENTIFYING fuming white potion
  1454 | D:2      | 1454 ||| DROPPING potion of magic.
  1487 | D:3      | 1487 ||| PLANNING SEWER
  1492 | D:3      | Found a glowing drain.
  1523 | D:3      | Reached XP level 4. HP: 26/26 MP: 5/5
  1528 | D:3      | 1528 ||| Stepping ~*~*~tactically~*~*~ (water).
  1535 | Sewer    | Entered a sewer
  1543 | Sewer    | Reached skill level 4 in Ranged Weapons
  1617 | Sewer    | 1617 ||| Stepping ~*~*~tactically~*~*~ (water).
  1623 | Sewer    | Reached skill level 1 in Armour
  1808 | Sewer    | 1808 ||| READING 2 scrolls labelled IHOYCA LEMUELI.
  1809 | Sewer    | 1809 ||| READING scroll labelled PECROKHOONTAO.
  1810 | Sewer    | 1810 ||| READING 3 scrolls labelled DOSKAE KEON.
  1814 | Sewer    | 1814 ||| READING 2 scrolls of identify.
  1814 | Sewer    | 1814 ||| IDENTIFYING sedimented white potion
  1815 | Sewer    | 1815 ||| DROPPING scroll of amnesia.
  1816 | Sewer    | 1816 ||| DROPPING potion of invisibility.
  1842 | D:3      | 1842 ||| PLANNING D:1-11
  2137 | D:3      | Reached XP level 5. HP: 30/30 MP: 6/6
  2149 | D:3      | Found Yniyt's Armour Shoppe.
  2163 | D:3      | 2163 ||| SHOPLISTING +0 cloak (45 gold, have 18).
  2163 | D:3      | 2163 ||| SHOPLISTING +0 pair of boots (45 gold, have 18).
  2163 | D:3      | 2163 ||| SHOPLISTING +0 pair of gloves (45 gold, have 18).
  2163 | D:3      | 2163 ||| SHOPLISTING +2 helmet of see invisible (215 gold,
                  | have 18).
  2261 | D:3      | Reached skill level 5 in Ranged Weapons
  2314 | D:3      | Reached skill level 3 in Fighting
  2314 | D:3      | Reached XP level 6. HP: 23/37 MP: 7/7
  2627 | D:3      | 2627 ||| UPGRADING to +1 ring mail of poison resistance.
  2637 | D:3      | 2637 ||| DROPPING +0 ring mail.
  2638 | D:3      | 2638 ||| READING 2 scrolls of identify.
  2638 | D:3      | 2638 ||| IDENTIFYING golden potion
  2726 | D:4      | Found a staircase to the Ecumenical Temple.
  2727 | D:4      | 2727 ||| PLANNING TEMPLE
  2733 | Temple   | Entered the Ecumenical Temple
  2943 | Temple   | 2943 ||| PLANNING D:1-11
  2959 | D:4      | Noticed Menkaure
  2961 | D:4      | 2961 ||| FLEEEEING.
  2962 | D:4      | 2962 ||| FLEEEEING.
  2963 | D:4      | 2963 ||| FLEEEEING.
  2986 | D:4      | Killed Menkaure
  2987 | D:4      | Reached skill level 6 in Ranged Weapons
  3061 | D:4      | Found a sacrificial altar of Ru.
  3114 | D:4      | Reached XP level 7. HP: 42/42 MP: 8/8
  3255 | D:4      | Reached skill level 7 in Ranged Weapons
  3559 | D:4      | Reached XP level 8. HP: 42/48 MP: 9/9
  3601 | D:4      | Found Ucwefiyf's General Store.
  3602 | D:4      | Found Xitemir's Specific Store.
  3614 | D:4      | 3614 ||| BUYING scroll of teleportation (36 gold).
  3614 | D:4      | Bought a scroll of teleportation for 36 gold pieces
  3650 | D:4      | Found a white marble altar of Elyvilon.
  3727 | D:4      | 3727 ||| READING scroll labelled XOPREPP CAUNE.
  3728 | D:4      | 3728 ||| DRINKING 2 amethyst potions.
  3729 | D:4      | 3729 ||| READING 2 scrolls of identify.
  3729 | D:4      | 3729 ||| IDENTIFYING fizzy ruby potion
  3730 | D:4      | 3730 ||| DROPPING potion of lignification.
  3747 | D:5      | Entered Level 5 of the Dungeon
  3761 | D:5      | Reached skill level 8 in Ranged Weapons
  3766 | D:5      | 3766 ||| Stepping ~*~*~tactically~*~*~ (outnumbered).
  3789 | D:5      | HP: 1/49 [orc warrior/+0 glaive (12)]
  3790 | D:5      | 3790 ||| READING 3 scrolls of teleportation.
  3790 | D:5      | Slain by an orc warrior

Levels and vault maps discovered:
D:1:      sevenhm_arrival_forest_fort_small_4, layout_basic,
          grunt_decor_mini_mirrors
D:2:      layout_loops_ring, serial_shops, nicolae_shop_real_fake_doors,
          nicolae_shop_waterfront, minivault_14, amcnicky_mini_pool_small
D:3:      layout_basic, portal_sewer_entry_a, serial_shops,
          nicolae_shop_tiny_waterfront, nicolae_concentric_dashed_squares_mild,
          grunt_decor_junction, goddamned_bats
D:4:      minmay_bubble_buster, layout_cave_pools, mainiacjoe_overflow_alcove_4,
          mainiacjoe_overflow_brackets, minmay_temple_entry_hall,
          nicolae_specific_store, uniq_menkaure
D:5:      layout_cave_pools, uniq_duvessa, uniq_blork_the_orc
Temple:   oiseaux_autumnal_temple

Skill      XL: |  1  2  3  4  5  6  7  8 |
---------------+-------------------------+-----
Ranged Weapons | 3 4 5 6 7 8 |  8.0
Fighting       | 2 3 4 5 |  5.0
Armour         | 1 |  1.3
Dodging        | |  1.5
Spellcasting   | |  1.0
Hexes          | |  2.6

Action                     |  1- 3 |  4- 6 |  7- 9 || total
---------------------------+-------+-------+-------++-------
   Fire: Sling             |    93 |   160 |   136 ||   389
    Use: Scroll            |     6 |     5 |     3 ||    14
         Potion            |     1 |       |     1 ||     2
 Armour: Robe              |    11 |       |       ||    11
         Ring mail         |     2 |   106 |    49 ||   157
  Dodge: Dodged            |    38 |   124 |    46 ||   208

Table legend:
 A = Non-vault XP
 B = Vault XP
 C = Vault XP percentage of total XP
 D = Non-vault monster count
 E = Vault monster count
 F = Vault count percentage of total count
                 A         B        C        D         E       F
            +---------+---------+-------+---------+---------+-------
      Total |     544 |     857 |  61.2 |      53 |      54 |  50.5
            +---------+---------+-------+---------+---------+-------
        D:1 |      11 |       0 |   0.0 |       6 |       0 |   0.0
        D:2 |      50 |       0 |   0.0 |      15 |       0 |   0.0
        D:3 |      18 |     200 |  91.7 |      10 |      28 |  73.7
        D:4 |     277 |     595 |  68.2 |      15 |      16 |  51.6
        D:5 |     188 |       0 |   0.0 |       7 |       0 |   0.0
      Sewer |       0 |      62 | 100.0 |       0 |      10 | 100.0
            +---------+---------+-------+---------+---------+-------
